 Dungeon Crawl Stone Soup version 0.30-a0-311-gf115ab0292 (webtiles) character file.

Game seed: 7300649855062529995

7192 Hubris850 the Markself (level 10, -1/56 HPs)
             Began as a Deep Elf Hexslinger on Oct 25, 2022.
             Was a High Priest of Okawaru.
             Slain by a two-headed ogre
             ... wielding a +0 halberd
              (4 damage)
             ... in a bailey.
             The game lasted 00:37:02 (8849 turns).

Hubris850 the Markself (Deep Elf Hexslinger)        Turns: 8849, Time: 00:37:02

Health: -1/56      AC: 11    Str: 11    XL:     10   Next: 87%
Magic:  18/21      EV: 13    Int: 21    God:    Okawaru [*****.]
Gold:   561        SH:  0    Dex: 23    Spells: 7/21 levels left

rFire   . . .      SeeInvis .    a - +1 sling (freeze)
rCold   . . .      Faith    .    (no shield)
rNeg    . . .      Spirit   .    L - +0 ring mail of the Equinox {Str+4 Slay+5}
rPois   .          Reflect  .    u - +0 helmet
rElec   .          Harm     .    p - +1 cloak {Stlth+}
rCorr   .          Rampage  .    i - +2 pair of gloves
Will    ++...                    (no boots)
Stlth   +++.......               e - amulet of the acrobat
HPRegen 0.29/turn                P - +6 ring of dexterity
MPRegen 0.17/turn                D - ring of willpower

@: no status effects
A: no striking features
a: Renounce Religion, Heroism, Finesse, Duel


You were in a bailey.
You worshipped Okawaru.
Okawaru was extremely pleased with you.
You visited 1 branch of the dungeon, and saw 9 of its levels.
You also visited: Sewer and Bailey.

You collected 561 gold pieces.

Inventory:

Hand Weapons
 a - a +1 sling of freezing (weapon)
 b - a +2 dagger of freezing
 o - a +2 quarterstaff of chaos
 t - a +0 short sword
 H - a +3 short sword of freezing
 I - a +2 falchion of freezing
 N - the +7 flail "Qatus" {vorpal, rPois Int+4}
   (You found it on level 7 of the Dungeon)

   It inflicts extra damage upon your enemies.
   Int:       It affects your intelligence (+4).
   rPois:     It protects you from poison.
 Q - a +0 shortbow
Missiles
 g - 3 datura-tipped darts
Armour
 c - a +0 robe
 i - a +2 pair of gloves (worn)
 p - a +1 cloak of stealth (worn)
 u - a +0 helmet (worn)
 y - a +2 leather armour of fire resistance
 C - the +0 leather armour of Elaad {rC+ Str+2 Dex+2}
   (You found it on level 5 of the Dungeon)

   Str:       It affects your strength (+2).
   Dex:       It affects your dexterity (+2).
   rC:        It protects you from cold.
 J - +0 steam dragon scales
 L - the +0 ring mail of the Equinox (worn) {Str+4 Slay+5}
   (You found it on level 7 of the Dungeon)

   Str:       It affects your strength (+4).
   Slay:      It affects your accuracy & damage with ranged weapons and melee
   (+5).
Jewellery
 e - an amulet of the acrobat (around neck)
 r - a +6 ring of strength
 D - a ring of willpower (right hand)
 E - a ring of magical power
 P - a +6 ring of dexterity (left hand)
Wands
 m - a wand of flame (90)
Scrolls
 d - a scroll of enchant armour
 h - 5 scrolls of fear
 l - 3 scrolls of poison
 w - a scroll of butterflies
 x - 3 scrolls of summoning
 A - a scroll of blinking
 B - 4 scrolls of teleportation
 F - a scroll of noise {unknown}
 K - 2 scrolls of amnesia {unknown}
 O - a scroll of enchant weapon {unknown}
Potions
 f - a potion of lignification
 j - 2 potions of invisibility
 k - 4 potions of haste
 n - 2 potions of brilliance
 q - 3 potions of curing
 s - a potion of heal wounds
 v - 2 potions of flight
 z - 3 potions of might
 G - a potion of berserk rage {unknown}
 M - 2 potions of attraction {unknown}


   Skills:
 - Level 3.0 Fighting
 + Level 16.7 Ranged Weapons
 - Level 4.5 Dodging
 - Level 3.0 Stealth
 - Level 6.0 Spellcasting
 - Level 8.3 Hexes
 - Level 4.2 Translocations
 - Level 4.0 Invocations


You had 7 spell levels left.
You knew the following spells:

 Your Spells              Type           Power      Damage    Failure   Level
a - Slow                  Hex            100%       N/A       1%          1
b - Confusing Touch       Hex            41%        N/A       2%          3
c - Portal Projectile     Hex/Tloc       64%        N/A       5%          3
d - Inner Flame           Hex/Fire       23%        N/A       13%         3
e - Cause Fear            Hex            20%        N/A       8%          4

Your spell library contained the following spells:

 Spells                   Type           Power      Damage    Failure   Level
 Gell's Gravitas          Tloc           23%        N/A       13%         3
 Teleport Other           Tloc           23%        N/A       13%         3
 Kiss of Death            Conj/Necr      24%        2d7       24%         1
 Sting                    Tmut/Pois      24%        1d4       24%         1
 Cigotuvi's Dreadful Rot  Necr/Pois/Air  12%        N/A       34%         2
 Poisonous Vapours        Pois/Air       12%        N/A       34%         2
 Dispel Undead            Necr           6%         3d8       93%         4
 Olgreb's Toxic Radiance  Pois           6%         N/A       93%         4
 Dispersal                Tloc           11%        N/A       100%        6
 Death Channel            Necr           Unusable   N/A       N/A         6

Dungeon Overview and Level Annotations

Branches:
Dungeon (9/15)             Temple (0/1) D:4            Lair (0/5) D:8
  Sewer (visited)          Bailey (1/1)
    Orc: D:9-12

Altars:
Cheibriados
Elyvilon
Gozag
Hepliaklqana
Kikubaaqudgha
Okawaru
Qazlal
Ru
Sif Muna
Trog
Zin
The Shining One

Shops:
D:1 =   D:6 *


Message History

Confirm with . or Enter, or press ? or * to list all spells.
Aiming: Slow (safe; 1% risk of failure)
Press: ? - help, Shift-Dir - straight line, f/p - two-headed ogre
Aim: a two-headed ogre, wielding two +0 halberds (chance to affect: 38%)
The two-headed ogre resists with some effort.
Fire: a) +1 sling (freeze)
Press: ? - help, Q - select action, (/) - cycle Shift-Dir - straight line, f/p - two-headed ogre
Aim: a two-headed ogre, wielding two +0 halberds (83% to hit)
You shoot a sling bullet.
The sling bullet hits the two-headed ogre!
The sling bullet freezes the two-headed ogre.
The two-headed ogre is moderately wounded.
Okay, then.
Fire: a) +1 sling (freeze)
Press: ? - help, Q - select action, (/) - cycle Shift-Dir - straight line, f/p - two-headed ogre
Aim: a two-headed ogre, wielding two +0 halberds (moderately wounded, 83% to hit)
You shoot a sling bullet.
The sling bullet hits the two-headed ogre.
The sling bullet freezes the two-headed ogre.
The two-headed ogre is moderately wounded.
The two-headed ogre hits you from afar with a +0 halberd.
The two-headed ogre hits you but does no damage.
Fire: a) +1 sling (freeze)
Press: ? - help, Q - select action, (/) - cycle Shift-Dir - straight line, f/p - two-headed ogre
Aim: a two-headed ogre, wielding two +0 halberds (moderately wounded, 83% to hit)
You shoot a sling bullet.
The sling bullet hits the two-headed ogre.
The sling bullet freezes the two-headed ogre.
The two-headed ogre is heavily wounded.
Fire: a) +1 sling (freeze)
Press: ? - help, Q - select action, (/) - cycle Shift-Dir - straight line, f/p - two-headed ogre
Aim: a two-headed ogre, wielding two +0 halberds (heavily wounded, 83% to hit)
You shoot a sling bullet.
The sling bullet hits the two-headed ogre.
The sling bullet freezes the two-headed ogre.
The two-headed ogre is heavily wounded.
The two-headed ogre hits you from afar with a +0 halberd! x2
* * * LOW HITPOINT WARNING * * *
The two-headed ogre hits you from afar with a +0 halberd.
You die...

#######
###.....###
##.........##
##...........##
#....∩...@....#
##...........##
##......O..##
###~~~~~###
#~))~~#
##)~~~~##
##......)#
##.........#
##..♣######..#


You could see a two-headed ogre.

Vanquished Creatures
  A boulder beetle (D:8)
  Joseph (D:7)
  2 trolls (D:9)
  A hornet (D:8)
  4 spriggans (Bailey)
  A wraith (D:7)
  A wyvern (D:8)
  2 steam dragons
  2 acid dragons
  3 water moccasins
  2 black bears
  3 ice beasts (D:6)
  A sky beast (D:8)
  7 ogres
  2 centaurs
  Blork the orc (D:4)
  3 bullfrogs
  A necrophage (D:5)
  A gnoll sergeant (D:7)
  2 scorpions (D:6)
  11 wights
  10 killer bees
  A howler monkey (D:7)
  4 hounds
  2 jellies
  Crazy Yiuf (D:2)
  An orc priest (D:5)
  An iron imp (D:6)
  9 iguanas
  Ijyb (D:4)
  6 orc wizards
  Natasha (twice) (D:4)
  Robin (D:2)
  12 gnolls
  13 adders
  A shadow imp (D:8)
  4 white imps
  An ufetubus (D:5)
  3 worms
  22 orcs
  7 ball pythons
  4 endoplasms
  3 giant cockroaches (D:4)
  14 goblins
  11 hobgoblins
  A jackal (D:5)
  7 kobolds
  7 quokkas
  10 bats
  3 frilled lizards
  3 rats
217 creatures vanquished.

Vanquished Creatures (others)
  5 withered plants (D:6)
5 creatures vanquished.

Grand Total: 222 creatures vanquished

Notes
Turn   | Place    | Note
-------+----------+-------------------------------------------
     0 | D:1      | Hubris850 the Deep Elf Hexslinger began the quest for the
                  | Orb.
     0 | D:1      | Reached XP level 1. HP: 11/11 MP: 5/5
    34 | D:1      | Reached skill level 3 in Ranged Weapons
   272 | D:1      | Reached XP level 2. HP: 16/16 MP: 6/6
   487 | D:1      | Reached skill level 4 in Ranged Weapons
   622 | D:1      | Found Pouhel's Jewellery Emporium.
  1020 | D:2      | Reached XP level 3. HP: 19/20 MP: 7/7
  1118 | D:2      | Reached skill level 5 in Ranged Weapons
  1247 | D:2      | Found a runed translucent door.
  1248 | D:2      | Noticed Crazy Yiuf
  1272 | D:2      | Killed Crazy Yiuf
  1281 | D:2      | Reached XP level 4. HP: 22/24 MP: 6/8
  1431 | D:2      | Reached skill level 6 in Ranged Weapons
  1575 | D:3      | Noticed Robin
  1629 | D:2      | Killed Robin
  1958 | D:3      | Reached skill level 7 in Ranged Weapons
  1958 | D:3      | Reached XP level 5. HP: 28/28 MP: 9/9
  1975 | D:3      | Learned a level 3 spell: Confusing Touch
  1979 | D:3      | Learned a level 3 spell: Portal Projectile
  2225 | D:3      | Found a bloodstained altar of Trog.
  2254 | D:3      | Found a stormy altar of Qazlal.
  2580 | D:4      | Found an iron altar of Okawaru.
  2602 | D:4      | Became a worshipper of Warmaster Okawaru
  2632 | D:4      | Found a glowing drain.
  2650 | Sewer    | Entered a sewer
  2675 | Sewer    | Noticed a water moccasin
  2681 | Sewer    | Killed a water moccasin
  2682 | Sewer    | Reached skill level 1 in Stealth
  2682 | Sewer    | Reached skill level 1 in Translocations
  2682 | Sewer    | Reached XP level 6. HP: 33/33 MP: 8/11
  2886 | D:4      | Noticed Natasha
  2889 | D:4      | Killed Natasha
  2904 | D:4      | Noticed Natasha
  2930 | D:4      | Killed Natasha
  3236 | D:4      | Noticed Blork the orc
  3244 | D:4      | Killed Blork the orc
  3244 | D:4      | Reached * piety under Okawaru
  3249 | D:4      | Learned a level 3 spell: Inner Flame
  3288 | D:4      | Found a staircase to the Ecumenical Temple.
  3329 | D:4      | Noticed Ijyb
  3368 | D:4      | Killed Ijyb
  3369 | D:4      | Reached skill level 5 in Hexes
  3640 | D:5      | Entered Level 5 of the Dungeon
  3652 | D:4      | Reached XP level 7. HP: 37/37 MP: 13/13
  3711 | D:5      | Reached skill level 8 in Ranged Weapons
  4122 | D:5      | Reached skill level 9 in Ranged Weapons
  4268 | D:5      | Reached ** piety under Okawaru
  4269 | D:5      | Reached skill level 10 in Ranged Weapons
  4269 | D:5      | Reached XP level 8. HP: 36/42 MP: 12/14
  4489 | D:5      | Reached skill level 11 in Ranged Weapons
  4755 | D:5      | Found an opulent altar of Gozag.
  4762 | D:5      | Identified the +0 leather armour of Elaad {rC+ Str+2 Dex+2}
  4946 | D:5      | Found a shimmering blue altar of Sif Muna.
  5052 | D:6      | Reached skill level 12 in Ranged Weapons
  5109 | D:6      | Found Vinihiek's Assorted Antiques.
  5127 | D:6      | Found a snail-covered altar of Cheibriados.
  5417 | D:6      | Found a glowing silver altar of Zin.
  5419 | D:6      | Found a glowing golden altar of the Shining One.
  5423 | D:6      | Found a white marble altar of Elyvilon.
  5454 | D:6      | Reached *** piety under Okawaru
  5501 | D:6      | Reached skill level 13 in Ranged Weapons
  5545 | D:6      | Found a sacrificial altar of Ru.
  5653 | D:6      | Found a hazy altar of Hepliaklqana.
  5689 | D:6      | Reached XP level 9. HP: 46/46 MP: 15/15
  5726 | D:6      | Reached skill level 14 in Ranged Weapons
  5898 | D:6      | Found an ancient bone altar of Kikubaaqudgha.
  6065 | D:7      | Reached skill level 1 in Fighting
  6096 | D:7      | Reached skill level 1 in Invocations
  6577 | D:7      | Reached **** piety under Okawaru
  6591 | D:7      | Noticed Joseph
  6604 | D:7      | Killed Joseph
  7030 | D:7      | Identified the +0 ring mail of the Equinox {Str+4 Slay+5}
  7179 | D:7      | Identified the +7 flail "Qatus" {vorpal, rPois Int+4}
  7417 | D:8      | Reached XP level 10. HP: 38/56 MP: 18/18
  7563 | D:8      | Noticed a boulder beetle
  7579 | D:8      | Killed a boulder beetle
  7579 | D:8      | Reached ***** piety under Okawaru
  7580 | D:8      | Reached skill level 5 in Spellcasting
  7997 | D:8      | Found a staircase to the Lair.
  8324 | D:9      | Reached skill level 15 in Ranged Weapons
  8579 | D:9      | Learned a level 4 spell: Cause Fear
  8647 | D:9      | Found a flagged portal.
  8654 | Bailey   | Entered a bailey
  8659 | Bailey   | Received a gift from Okawaru
  8672 | Bailey   | Reached skill level 16 in Ranged Weapons
  8840 | Bailey   | Noticed a two-headed ogre
  8849 | Bailey   | Slain by a two-headed ogre

Illustrated notes

Levels and vault maps discovered:
D:1:      doesnt_arrival_eight_statues, layout_basic, serial_shops,
          nicolae_shop_advertising_works [nicolae_subvault_shop_adworks]
D:2:      layout_loops_ring, uniq_crazy_yiuf_cottage
D:3:      minmay_inner_zag, layout_basic, lightli_temple_of_fire,
          lemuel_crystal_altar, uniq_robin
D:4:      layout_loops_ring, okawaru_ov_weapons_minmay,
          minmay_temple_entry_hall, portal_sewer_entry_f, uniq_blork_the_orc,
          uniq_ijyb, uniq_natasha
D:5:      minmay_bubble_buster, layout_rooms,
          mainiacjoe_overflow_concentric_impassable, lemuel_round_altar
D:6:      layout_basic, good_gods_mini_temple, mainiacjoe_overflow_paths,
          slow_altar_1, kiku_gazebo_garden_becter, overflow_temple_1_default,
          minmay_shop_grid_forest, st_stairs_8
D:7:      layout_basic, uniq_joseph
D:8:      layout_rooms, lair_entry_dummy
D:9:      kennysheep_blocky_hall, layout_loops_ring, serial_shops,
          nicolae_shop_crystal, enter_bailey_3
Bailey:   bailey_polearm_enchanted_keep_hellmonk, bailey

Skill      XL: |  1  2  3  4  5  6  7  8  9 10 |
---------------+-------------------------------+-----
Ranged Weapons | 3 4 5 7 10 13 14 16 | 16.7
Stealth        | 1 2 3 |  3.0
Spellcasting   | 2 3 4 6 |  6.0
Translocations | 1 2 4 |  4.2
Dodging        | 3 4 |  4.5
Hexes          | 5 6 7 8 |  8.3
Fighting       | 3 |  3.0
Invocations    | 4 |  4.0

Action                   |  1- 3 |  4- 6 |  7- 9 | 10-12 || total
-------------------------+-------+-------+-------+-------++-------
Melee: Dagger            |       |       |    12 |       ||    12
 Fire: Sling             |    91 |   252 |   489 |   157 ||   989
 Cast: Slow              |     3 |    14 |    19 |     6 ||    42
       Inner Flame       |       |       |    12 |     1 ||    13
       Portal Projectile |       |       |     3 |     1 ||     4
Invok: Heroism           |       |       |     2 |       ||     2
Evoke: Wand              |       |     1 |     3 |       ||     4
  Use: Scroll            |     9 |     7 |     4 |     2 ||    22
       Potion            |       |       |     1 |       ||     1
Armor: Robe              |     9 |    16 |       |       ||    25
       Leather armour    |       |    36 |    66 |       ||   102
       Ring mail         |       |       |       |    29 ||    29
Dodge: Dodged            |    27 |    81 |   152 |    71 ||   331

Table legend: (Time is in decaauts)
 A = Elapsed time spent in this place.
 B = Non-inter-level travel time spent in this place.
 C = Inter-level travel time spent in this place.
 D = Time resting spent in this place.
 E = Time spent auto-exploring this place.
 F = Levels seen in this place.
 G = Mean time per level.
                   A        B        C        D        E       F      G
               +--------+--------+--------+--------+--------+-----+--------+
         Total |   8809 |   8597 |    212 |   1774 |   4697 |  11 |  800.8 |
       Dungeon |   8525 |   8313 |    212 |   1665 |   4687 |   9 |  947.2 |
         Sewer |     89 |     89 |      0 |      0 |     10 |   1 |   89.0 |
        Bailey |    193 |    193 |      0 |    109 |      0 |   1 |  193.0 |
               +--------+--------+--------+--------+--------+-----+--------+

Top non-repeatable levels by time:
     D:7: 1561 daAuts
     D:4: 1280 daAuts
     D:5: 1119 daAuts
     D:6: 953 daAuts
     D:2: 879 daAuts
     D:1: 873 daAuts
     D:3: 825 daAuts
     D:8: 823 daAuts
     D:9: 210 daAuts
  Bailey: 193 daAuts
   Sewer: 89 daAuts
